Workbook

Sheet Tipos de Riesgo
A3: TIPOS DE RIESGO
A4: Económicos | B4: Riesgos Económicos: son los derivados del comportamiento del mercado, tales como la fluctuación de los precios de los insumos, desabastecimiento y especulación de los mismos, entre otros.
A5: Sociales | B5: Riesgos Sociales o Políticos: son los derivados de los cambios de las políticas gubernamentales y decambios en las condiciones sociales que tengan impacto en la ejecución del contrato.
A6: Operacionales | B6: Riesgos Operacionales: son los asociados a la operatividad del contrato, tales como la suficiencia del presupuesto oficial, del plazo o los derivados de procesos, procedimientos, parámetros, sistemas de información y tecnológicos, equipos humanos o técnicos inadecuados o insuficientes.
A7: Financieros | B7: Riesgos Financieros: son (i) el riesgo de consecución de financiación o riesgo de liquidez para obtener recursos para cumplir con el objeto del contrato, y (ii) el riesgo de las condiciones financieras establecidas para la obtención de los recursos, tales como plazos, tasas, garantías, contragarantías, y refinanciaciones, entre otros.
A8: Regulatorio | B8: Riesgos Regulatorios: derivados de cambios regulatorios o reglamentarios que afecten la ecuación económica del contrato.
A9: De la Naturaleza | B9: Riesgos de la Naturaleza: son los eventos naturales previsibles en los cuales no hay intervención humana que puedan tener impacto en la ejecución del contrato, por ejemplo los temblores, inundaciones, lluvias, sequías, entre otros.
A10: Ambientales | B10: Riesgos Ambientales: son los derivados de las obligaciones legales o reglamentarias de carácter ambiental, así como de la control, entre otras.s licencias, planes de manejo o de permisos y autorizaciones ambientales, incluyendo tasas retributivas y compensatorias, obligaciones de mitigación, tareas de monitoreo y
A11: Tecnológicos | B11: Riesgos Tecnológicos: son los derivados de fallas en los sistemas de comunicación de voz y de datos, suspensión de servicios públicos, nuevos desarrollos tecnológicos o estándares que deben ser tenidos en cuenta para la ejecución del contrato, obsolescencia tecnológica.
A16: PROBABILIDAD DEL RIESGO | B16: VALORACIÓN
A17: 1 | B17: Raro
A18: 2 | B18: Improbable
A19: 3 | B19: Posible
A20: 4 | B20: Probable
A21: 5 | B21: Casi cierto
A25: IMPACTO DEL RIESGO | B25: VALORACIÓN
A26: 1 | B26: Insignificante
A27: 2 | B27: Menor
A28: 3 | B28: Moderado
A29: 4 | B29: Mayor
A30: 5 | B30: Catastrófico
A33: CATEGORÍA DEL RIESGO | B33: VALORACIÓN
A34: 2 | B34: Riesgo Bajo
A35: 3 | B35: Riesgo Bajo
A36: 4 | B36: Riesgo Bajo
A37: 5 | B37: Riesgo Medio
A38: 6 | B38: Riesgo Alto
A39: 7 | B39: Riesgo Alto
A40: 8 | B40: Riesgo Extremo
A41: 9 | B41: Riesgo Extremo
A42: 10 | B42: Riesgo Extremo
A46: ETAPAS
A47: Planeación
A48: Selección
A49: Contratación
A50: Ejecución

Sheet Matriz de Riesgos (2)
A1: MATRIZ DE IDENTIFICACION Y DISTRIBUCION DE RIESGOS
A3: CONTRATO DE DILIGENCIAR EL TIPO DE CONTRATO:
A4: OBJETO: | F4: CONTRATAR EL SERVICIO DE TRANSPORTE TERRESTRE ESPECIAL PARA EL DESARROLLO DE ACTIVIDADES ASOCIADAS AL SISTEMA DISTRITAL DE GESTIÓN DE RIESGOS Y CAMBIO CLIMÁTICO- SDGR-CC.
H6: Probabilidad | J6: Impacto | P6: Impacto después de tratamiento | T6: ¿Afecta la ejecución del Contrato? | U6: Persona responsable por implementar el tratamiento | V6: Fecha estimada inicio tratamiento | W6: Fecha estimada completa tratamiento
A7: No. | B7: Clase | C7: Fuente | D7: Etapa | E7: Tipo | F7: Descripción | G7: Consecuencia de la ocurrencia | H7: Categoría | I7: Valoración | J7: Categoría | K7: Valoración | L7: Valoración del Riesgo | M7: Categoría del Riesgo | N7: ¿A quién se asigna? | O7: Tratamiento/Controles | P7: Probabilidad | Q7: Impacto | R7: Valoración del Riesgo | S7: Categoría
A8: 1 | B8: General | C8: Interno | D8: Planeación | E8: Operacional | F8: La definición de la necesidad y el objeto establecido en el estudio previo, no se ajusta a la modalidad de selección aplicable. | G8: No se pueda adelantar el proceso contractual por no ajustarse a la modalidad de selección, retrasos en la satisfacción de la necesidad | H8: =VLOOKUP(I8,'Tipos de Riesgo'!$A$17:$B$21,2,FALSE) -> Improbable | I8: 2 | J8: =VLOOKUP(K8,'Tipos de Riesgo'!$A$26:$B$30,2,FALSE) -> Menor | K8: 2 | L8: =+K8+I8 -> 4 | M8: =VLOOKUP('Matriz de Riesgos (2)'!L8,'Tipos de Riesgo'!$A$34:$B$42,2,FALSE) -> Riesgo Bajo | N8: Entidad | O8: Revisión y apoyo jurídico a las Dependencias que solicitan la contratación, aclarando los requisitos y la aplicabilidad de cada una de las modalidades de selección, de conformidad a los lienamientos legales establecidos. | P8: 1 | Q8: 1 | R8: =+P8+Q8 -> 2 | S8: =VLOOKUP('Matriz de Riesgos (2)'!R8,'Tipos de Riesgo'!$A$34:$B$42,2,FALSE) -> Riesgo Bajo | T8: Eventualmente | U8: Dependencia que establece la necesidad Oficina Asesora Juridica | V8: Inicio etapa precontractual | W8: Finalización etapa precontractual
A9: 2 | B9: General | C9: Interno | D9: Planeación | E9: Operacional | F9: El presupuesto planificado no corresponde al valor real de la prestación a realizar. | G9: Imposibilidad para la suscripcción del contrato. Declaratoria de desierta del proceso. Alegación de un desequilibrio contractual. | H9: Improbable | I9: 2 | J9: =VLOOKUP(K9,'Tipos de Riesgo'!$A$26:$B$30,2,FALSE) -> Mayor | K9: 4 | L9: =+I9+K9 -> 6 | M9: =VLOOKUP('Matriz de Riesgos (2)'!L9,'Tipos de Riesgo'!$A$34:$B$42,2,FALSE) -> Riesgo Alto | N9: Entidad | O9: Se debe efectuar un Analisis del Sector, conforme al objeto a contratar, aplicando las variables que correspondan, que permita establecer de manera real el valor del bien o servicio. (# 4 art 2,2,1,1,2,1,1 D. 1082/15) Tener en cuenta los lienamientos que para el efecto establezca Colombia Compra Eficiente | P9: 1 | Q9: 1 | R9: =+P9+Q9 -> 2 | S9: =VLOOKUP('Matriz de Riesgos (2)'!R9,'Tipos de Riesgo'!$A$34:$B$42,2,FALSE) -> Riesgo Bajo | T9: Eventualmente | U9: Área Técnica que genera la necesidad Oficina Asesora Juridica | V9: Inicio etapa precontractual | W9: Hasta la ejecución
A10: 3 | B10: General | C10: Externo | D10: Contratación | E10: Operacional | F10: El contratista seleccionado no firma el contrato y/o se retrasa en la constitución y presentación de las garantías que amparan el cumplimiento del contrato, incluyendo adiciones y prorrogas | G10: Retraso en el inicio y ejecución del contrato y afectación en el logro de los objetivos y satisfacción de la necesidad propuesta. Las garantías no tengan la vigencia requerida por la norma, con lo cual la Entidad quedaría desamparada. | H10: Probable | I10: 4 | J10: =VLOOKUP(K10,'Tipos de Riesgo'!$A$26:$B$30,2,FALSE) -> Moderado | K10: 3 | L10: =+I10+K10 -> 7 | M10: =VLOOKUP('Matriz de Riesgos (2)'!L10,'Tipos de Riesgo'!$A$34:$B$42,2,FALSE) -> Riesgo Alto | N10: Contratista | O10: Se establecen plazos para la ejecución del contrato, para allegar garantías por parte del contratista tres (3) días hábiles siguientes a la firma del contrato, prorrogas y/o adiciones), en caso de no allegarse dentro del término se requeria al contratista. La Oficina Jurídica hará los requerimientos respectivos. | P10: 1 | Q10: 2 | R10: 3 | S10: Riesgo Bajo | T10: Genera retrasos | U10: Dependencia que genera la necesidad. Oficina Asesora Juridica | V10: Inicio etapa precontractual | W10: Finalización Ejecución y Términación
A11: 4 | B11: General | C11: Interno | D11: Contratación | E11: Operacionales | F11: La imposibilidad de dar inicio a la ejecución del contrato por falta supervisión. | G11: El retraso en la ejecución del objeto contratado, pudiendo generar retrasos, modificaciones contractuales y variación del valor del contrato. | H11: =VLOOKUP(I11,'Tipos de Riesgo'!$A$17:$B$21,2,FALSE) -> Posible | I11: 3 | J11: =VLOOKUP(K11,'Tipos de Riesgo'!$A$26:$B$30,2,FALSE) -> Mayor | K11: 4 | L11: =+I11+K11 -> 7 | M11: =VLOOKUP('Matriz de Riesgos (2)'!L11,'Tipos de Riesgo'!$A$34:$B$42,2,FALSE) -> Riesgo Alto | N11: Entidad | O11: Realizar la designación y comunicación del Supervisor (Art. 83 Ley 1474/11) | P11: 1 | Q11: 2 | R11: 3 | S11: Riesgo Bajo | T11: Genera retrasos | U11: Dependencia que establece la necesidad Oficina Asesora Juridica | V11: Inicio etapa precontractual | W11: Finalización etapa contractual
A12: 5 | B12: General | C12: Interno | D12: Ejecución | E12: Operacionales | F12: Ocurre cuando se presentan fallas en la disponibilidad del Sistema de Contratación Pública – SECOP II | G12: Retraso o incumplimiento de los plazos legales para la publicación de los actos y/o documentos derivados de los procesos contractuales | H12: =VLOOKUP(I12,'Tipos de Riesgo'!$A$17:$B$21,2,FALSE) -> Posible | I12: 3 | J12: Menor | K12: 2 | L12: 5 | M12: Riesgo Alto | N12: Entidad | O12: ETAPA PLANEACION: Elaboración de un cronograma con plazos que permitan tener movilidad en caso de fallas del SECOP II | P12: 3 | Q12: 1 | R12: 4 | S12: =VLOOKUP('Matriz de Riesgos (2)'!R12,'Tipos de Riesgo'!$A$34:$B$42,2,FALSE) -> Riesgo Bajo | T12: No | U12: Grupo Precontractual Oficina Jurídica | V12: Inicio etapa precontractual | W12: Finalización etapa de ejecución
A13: 6 | B13: Especifico | C13: Interno | D13: Ejecución | E13: Operacional | F13: Insuficiencia en el personal del Contratista para la prestación oportuna del servicio | G13: Retrasos en la prestación del servicio o la no realización de este | H13: =VLOOKUP(I13,'Tipos de Riesgo'!$A$17:$B$21,2,FALSE) -> Probable | I13: 4 | J13: =VLOOKUP(K13,'Tipos de Riesgo'!$A$26:$B$30,2,FALSE) -> Moderado | K13: 3 | L13: =+I13+K13 -> 7 | M13: =VLOOKUP('Matriz de Riesgos (2)'!L13,'Tipos de Riesgo'!$A$34:$B$42,2,FALSE) -> Riesgo Alto | N13: Contratista | O13: Establecer garantías de cumplimiento | P13: 3 | Q13: 2 | R13: =+P13+Q13 -> 5 | S13: =VLOOKUP('Matriz de Riesgos (2)'!R13,'Tipos de Riesgo'!$A$34:$B$42,2,FALSE) -> Riesgo Medio | T13: sí | U13: Supervisor del contrato | V13: Ejecución contractual | W13: Finalización etapa ejecución
A14: 7 | B14: General | C14: Externo | D14: Ejecución | E14: Operacional | F14: Incumplimiento y/o demoras por parte del contratista en el cumplimiento del objeto y obligaciones contractuales | G14: Afecta la satisfacción de la necesidad que se pretende cubrir con el contrato. Puede generar sanciones y prórrogas | H14: =VLOOKUP(I14,'Tipos de Riesgo'!$A$17:$B$21,2,FALSE) -> Posible | I14: 3 | J14: =VLOOKUP(K14,'Tipos de Riesgo'!$A$26:$B$30,2,FALSE) -> Moderado | K14: 3 | L14: =+I14+K14 -> 6 | M14: =VLOOKUP('Matriz de Riesgos (2)'!L14,'Tipos de Riesgo'!$A$34:$B$42,2,FALSE) -> Riesgo Alto | N14: Contratista | O14: Realizar seguimiento continuo a la ejecución del contrato y de evidenciar un presunto incumplimiento y/o demoras se dara aplicación a los procedimientos, clausulas excepcionales, caducidad, sanciones y multas conforme lo establece la norma, atendiendo a los derechos de la Entidad. (art. 84, 85, 86 L 1474/11).En caso de requerirse adiciones, modificacioes o prorrogas, éstas deben constar por escrito, con la debida justificación, las cuales deberán ser remitidas a la Oficina Asesora Jurídica, para su revisión, elaboración y suscripción | P14: 2 | Q14: 3 | R14: =+P14+Q14 -> 5 | S14: =VLOOKUP('Matriz de Riesgos (2)'!R14,'Tipos de Riesgo'!$A$34:$B$42,2,FALSE) -> Riesgo Medio | T14: Eventualmente | U14: Contratista Supervisor del contrato | V14: Ejecución contractual | W14: Finalización etapa ejecución y terminación
A15: 8 | B15: Especifico | C15: Externo | D15: Ejecución | E15: regulación | F15: Cambios normativos o por la expedición de normas posteriores a la celebración del contrato, que afecte las condiciones económicas, técnicas y/o jurídicas inicialmente pactadas. | G15: Genera una carga adicional a las previstas, que puede afectar a cualquiera o a las dos partes del contrato. Rompimiento del equilibrio económico dl contrato. | H15: Raro | I15: 1 | J15: Moderado | K15: 3 | L15: =+I15+K15 -> 4 | M15: =VLOOKUP('Matriz de Riesgos (2)'!L15,'Tipos de Riesgo'!$A$34:$B$42,2,FALSE) -> Riesgo Bajo | N15: Entidad y Contratista | O15: EJECUCION: Aplicación inmediata de las disposiciones legales y ajuste de los procesos internos de la Entidad. | P15: 2 | Q15: 1 | R15: =+P15+Q15 -> 3 | S15: =VLOOKUP('Matriz de Riesgos (2)'!R15,'Tipos de Riesgo'!$A$34:$B$42,2,FALSE) -> Riesgo Bajo | T15: Eventualmente | U15: Contratista y Supervisor | V15: Ejecución Contractual | W15: Finalización etapa de ejecución
A16: =+A15+1 -> 9 | B16: General | C16: interno | D16: Ejecución | E16: operacional | F16: Falta de capacidad transportadora de los proveedores | G16: No prestación del servicio de transporte | H16: Probable | I16: 2 | J16: Moderado | K16: 3 | L16: =+I16+K16 -> 5 | M16: Riesgo Medio | N16: Contratista | O16: El contratista deberá informar por escrito a la Entidad la falta de capacidad transportadora que afecta la prestación del servicio de transporte. | P16: 2 | Q16: 2 | R16: =+P16+Q16 -> 4 | S16: =VLOOKUP('[1]Matriz de Riesgos (2)'!R17,'[1]Tipos de Riesgo'!$A$34:$B$42,2,FALSE) -> Riesgo Bajo | T16: sí | U16: Contratista | V16: Etapa de planeacion | W16: Finalización etapa de ejecución
A17: =+A16+1 -> 10 | B17: Especifico | C17: Externo | D17: Ejecución | E17: operacional | F17: Hurto de los vehículos empleados en la prestación del servicio | G17: No prestación del servicio de transporte | H17: =VLOOKUP(I17,'[1]Tipos de Riesgo'!$A$17:$B$21,2,FALSE) -> Improbable | I17: 2 | J17: Moderado | K17: 1 | L17: 3 | M17: Riesgo Medio | N17: Contratista | O17: Adquisición de pólizas por parte del contratista que amparen el hurto de los vehículos. En este caso, el contratista deberá reemplazar el vehículo para garantizar la prestación del servicio | P17: 2 | Q17: 1 | R17: 2 | S17: =VLOOKUP('[1]Matriz de Riesgos (2)'!R20,'[1]Tipos de Riesgo'!$A$34:$B$42,2,FALSE) -> Riesgo Bajo | T17: Sí | U17: Contratista | V17: Ejecución Contractual | W17: Finalización etapa de ejecución
A18: 11 | B18: General | C18: Externo | D18: Ejecución | E18: regulacion | F18: Cambios inesperados en el precio del combustible nacional, autopartes, servicios de mantenimiento, insumos y peajes. | G18: Variación en el precio del servicio de transporte especial de pasajeros | H18: =VLOOKUP(I18,'[1]Tipos de Riesgo'!$A$17:$B$21,2,FALSE) -> Improbable | I18: 2 | J18: Moderado | K18: 3 | L18: 5 | M18: Riesgo Medio | N18: Entidad y Contratista | O18: Estipulación contractual que permita revisar el precio del combustible, autopartes, servicios de mantenimiento, insumos que impacte en el precio del servicio del transporte especial de pasajeros | P18: 2 | Q18: 2 | R18: 4 | S18: Riesgo bajo | T18: sí | U18: Contratista y Supervisor | V18: Ejecución Contractual | W18: Finalización etapa de ejecución
A21: FECHA DE ELABORACIÓN: Marzo 23 de 2023
A23: Elaborado por: | K23: Aprobado y aprobado por :
A25: Firma: | K25: Firma:
A26: Nombre: | E26: Juanita Cardona | K26: Nombre: | L26: María Eugenia Tovar
E27: contratista - Subdirección Corporativa | L27: Subdirectora Corporativa
